 Dungeon Crawl Stone Soup version 0.19.0-19-g8c6edcc (console) character file.

6660 Kloppie the Basher (level 10, -7/93 HPs)
             Began as a Mottled Draconian Berserker on Nov 16, 2016.
             Was a High Priest of Trog.
             Mangled by a thrashing horror (14 damage)
             ... on level 1 of the Abyss.
             The game lasted 00:12:23 (8877 turns).

Kloppie the Basher (Mottled Draconian Berserker)    Turns: 8877, Time: 00:12:24

Health: -7/93      AC: 17    Str: 19    XL:     10   Next: 73%
Magic:  10/10      EV: 16    Int:  9    God:    Trog [*****.]
Gold:   604        SH:  0    Dex: 13    Spells: 0 memorised, 9 levels left

rFire  . . .     SeeInvis .     a - +2 flail (protect)
rCold  + . .     Gourm    .     (armour unavailable)
rNeg   . . .     Faith    .     (no shield)
rPois  .         Spirit   .     (helmet restricted)
rElec  .         Reflect  .     x - +0 cloak
rCorr  .         Harm     .     w - +0 pair of gloves
MR     .....                    i - +0 pair of boots
Stlth  +.........               (no amulet)
                                (no ring)
                                e - ring of protection from cold

@: protection aura, non-regenerating, diseased
A: breathe sticky flame splash, unfitting armour, cold-blooded, AC +7
a: Breathe Sticky Flame, Berserk, Trog's Hand, Brothers in Arms, Burn
Spellbooks, Renounce Religion


You were on level 1 of the Abyss.
You worshipped Trog.
Trog was extremely pleased with you.
You were not hungry.

You visited 1 branch of the dungeon, and saw 10 of its levels.
You visited the Abyss 1 time.

You collected 604 gold pieces.

Inventory:

Hand Weapons
 a - a +2 flail of protection (weapon)
 t - a +0 mace
 J - a +2 great mace of protection
Armour
 i - a +0 pair of boots (worn)
 w - a +0 pair of gloves (worn)
 x - a +0 cloak (worn)
Jewellery
 e - a ring of protection from cold (left hand)
 C - an uncursed ring of fire
Wands
 n - a wand of teleportation (8/9)
 s - a wand of teleportation (6/9)
Scrolls
 c - 3 scrolls of remove curse
 d - 3 scrolls of identify
 g - 3 scrolls of noise
 k - a scroll of recharging
 p - 3 scrolls of blinking
 r - a scroll of fear {unknown}
 y - a scroll of holy word {unknown}
 B - a scroll of fog {unknown}
 D - 2 scrolls of teleportation {unknown}
 G - a scroll of random uselessness {unknown}
Potions
 f - 3 potions of cancellation
 h - 2 potions of flight
 l - 2 potions of agility
 m - a potion of invisibility
 o - 7 potions of curing
 q - 3 potions of lignification
 A - 3 potions of haste
 F - a potion of ambrosia
 I - a potion of degeneration {unknown}
Books
 v - a book of Callings

   Spells                             Type                      Level
   a - Summon Small Mammal            Summoning                    1
   b - Call Imp                       Summoning                    2
   c - Call Canine Familiar           Summoning                    3
   d - Summon Guardian Golem          Hexes/Summoning              3
   e - Summon Lightning Spire         Summoning/Air                4
   f - Summon Ice Beast               Ice/Summoning                4
   Trog disapproves of the use of such an item.
Comestibles
 b - 6 bread rations
 j - a meat ration
 u - 4 beef jerkies


   Skills:
 + Level 10.0 Fighting
 + Level 11.6 Maces & Flails
 - Level 8.0 Dodging


You had 9 spell levels left.
You didn't know any spells.

Dungeon Overview and Level Annotations

Branches:
Dungeon (10/15)            Temple (0/1) D:4            Lair (0/6) D:9
    Orc: D:9-12

Altars:
Ashenzari
Gozag
Kikubaaqudgha
Makhleb
Uskayaw
Vehumet
Xom
Yredelemnul
Zin

Annotations:
D:2 1 runed door


Innate Abilities, Weirdness & Mutations

You can spit globs of burning liquid.
You can ignite nearby creatures when you spit burning liquid.
Your weird mottled scales are hard. (AC +7)
You cannot fit into any form of body armour.
You are cold-blooded and may be slowed by cold attacks.


Message History

The thrashing horror closely misses you.
The ancient zyme hits you.
* * * LOW HITPOINT WARNING * * *
The ancient zyme hits you!
* * * LOW HITPOINT WARNING * * *
You sock the thrashing horror!
The thrashing horror is almost destroyed.
The thrashing horror churns violently!
The thrashing horror seems to grow stronger.
The ancient zyme hits you.
* * * LOW HITPOINT WARNING * * *
The ancient zyme barely misses you.
The thrashing horror completely misses you.
The thrashing horror tramples you.
* * * LOW HITPOINT WARNING * * *
You hold your ground!
You hit the thrashing horror.
The thrashing horror is almost destroyed.
The thrashing horror tramples you!
You die...

..## #..#.#.
...#### .......
#.#..# ......#
#..... ..#..#
#.#...#.#..#
#...##.>...#
#....# . #.x..#
# ### # ##@##.#
.# #
.#...X#..#.#..
#......####.#...
##.##..#
...#.###.#
#.....##. #...#
##.# # ..#. .
###.# .. #.... .
.# # # ###.
##....## # ...#
... .


You could see an ancient zyme and a thrashing horror.

Vanquished Creatures
  A kobold demonologist (D:8)
  A troll (D:9)
  2 hippogriffs
  Prince Ribbit (D:5)
  2 small abominations (Abyss:1)
  The ghost of GordonOverkill the Covered, an amateur MiWz (D:4)
  A wyvern (D:9)
  Menkaure (D:5)
  Edmund (D:5)
  6 insubstantial wisps (Abyss:1)
  A black bear (D:6)
  An ice beast (D:7)
  A sky beast (D:10)
  2 orc warriors (D:6)
  5 ogres
  A boggart (shapeshifter) (Abyss:1)
  4 centaurs
  A crocodile (D:8)
  11 big kobolds
  A gnoll sergeant (D:6)
  3 scorpions
  4 wights (D:8)
  5 howler monkeys
  4 crimson imps
  A bullfrog zombie (D:9)
  A jelly (D:9)
  7 hounds
  14 orc wizards
  3 orc priests
  A bullfrog skeleton (D:7)
  Natasha (thrice) (D:2)
  2 iguanas (D:6)
  6 worker ants
  A killer bee zombie (D:6)
  A hound skeleton (D:4)
  Robin (D:2)
  12 gnolls
  11 adders
  2 howler monkey skeletons
  3 shadow imps
  An ooze (D:3)
  2 adder skeletons
  4 worms
  2 leopard geckos
  23 orcs
  8 bats
  7 giant cockroaches
  7 goblins
  9 hobgoblins
  22 jackals
  2 quokkas
  A ball python (D:2)
  5 frilled lizards
  A goblin zombie (D:2)
  A jackal skeleton (D:4)
  A jackal zombie (D:7)
  18 kobolds
  2 quokka skeletons
  4 rats
250 creatures vanquished.

Notes
Turn   | Place    | Note
-------+----------+-------------------------------------------
     0 | D:1      | Kloppie the Draconian Berserker began the quest for the Orb.
     0 | D:1      | Reached XP level 1. HP: 19/19 MP: 1/1
   352 | D:1      | Reached XP level 2. HP: 26/26 MP: 2/2
   839 | D:2      | Reached XP level 3. HP: 27/33 MP: 3/3
  1124 | D:2      | Found a runed door.
  1124 | D:2      | Noticed a human
  1125 | D:2      | Reached ** piety under Trog
  1128 | D:2      | Found a basalt altar of Yredelemnul.
  1145 | D:2      | Reached XP level 4. HP: 30/40 MP: 4/4
  1258 | D:2      | Reached skill level 4 in Maces & Flails
  1333 | D:2      | Found a shimmering altar of Xom.
  1333 | D:2      | Found a shimmering altar of Xom.
  1333 | D:2      | Found a shimmering altar of Xom.
  1335 | D:2      | Found a shimmering altar of Xom.
  1335 | D:2      | Found a shimmering altar of Xom.
  1496 | D:2      | Noticed Robin
  1508 | D:2      | Killed Robin
  1615 | D:2      | Found a burning altar of Makhleb.
  1616 | D:2      | Found a radiant altar of Vehumet.
  1742 | D:2      | Noticed Natasha
  1747 | D:2      | Killed Natasha
  1747 | D:2      | Reached XP level 5. HP: 38/46 MP: 5/5
  1767 | D:2      | Noticed Natasha
  1774 | D:2      | Killed Natasha
  1790 | D:2      | Noticed Natasha
  1799 | D:2      | Killed Natasha
  2488 | D:3      | Reached XP level 6. HP: 39/55 MP: 6/6
  2604 | D:3      | Reached skill level 5 in Maces & Flails
  2669 | D:3      | Reached skill level 5 in Fighting
  3061 | D:4      | Found a shattered altar of Ashenzari.
  3067 | D:4      | Found a staircase to the Ecumenical Temple.
  3321 | D:4      | Your scales start taking on a weird mottled colour.
  3321 | D:4      | Reached XP level 7. HP: 62/62 MP: 7/7
  3525 | D:4      | Noticed GordonOverkill's ghost (amateur MiWz)
  3540 | D:4      | Killed GordonOverkill's ghost
  3540 | D:4      | Reached skill level 6 in Maces & Flails
  3645 | D:4      | Reached *** piety under Trog
  4184 | D:4      | Found a glowing silver altar of Zin.
  4323 | D:5      | Entered Level 5 of the Dungeon
  4415 | D:5      | Noticed Edmund
  4432 | D:5      | Killed Edmund
  4432 | D:5      | Reached skill level 7 in Maces & Flails
  4432 | D:5      | Reached XP level 8. HP: 73/73 MP: 8/8
  4685 | D:5      | Found an ancient bone altar of Kikubaaqudgha.
  5000 | D:5      | Noticed Menkaure
  5002 | D:5      | Noticed Prince Ribbit
  5003 | D:5      | Killed Menkaure
  5003 | D:5      | Reached skill level 8 in Maces & Flails
  5010 | D:5      | Killed Prince Ribbit
  5233 | D:6      | Reached **** piety under Trog
  5233 | D:6      | Reached XP level 9. HP: 61/83 MP: 9/9
  5601 | D:6      | Reached skill level 9 in Maces & Flails
  6221 | D:7      | Reached skill level 5 in Dodging
  6790 | D:8      | Reached ***** piety under Trog
  7038 | D:8      | Reached skill level 10 in Maces & Flails
  7169 | D:8      | Noticed a kobold demonologist
  7192 | D:8      | Killed a kobold demonologist
  7198 | D:8      | Reached XP level 10. HP: 92/92 MP: 10/10
  7511 | D:8      | Found an opulent altar of Gozag.
  7954 | D:9      | Found a staircase to the Lair.
  7960 | D:9      | Reached skill level 11 in Maces & Flails
  7981 | D:9      | Found a hide-covered altar of Uskayaw.
  8061 | D:9      | Received a gift from Trog
  8583 | D:10     | Entered Level 10 of the Dungeon
  8631 | D:10     | Cast into level 1 of the Abyss (orc wizard)
  8782 | Abyss:1  | Reached skill level 10 in Fighting
  8788 | Abyss:1  | Noticed a spatial maelstrom
  8789 | Abyss:1  | Noticed a necromancer
  8858 | Abyss:1  | Noticed a thrashing horror
  8877 | Abyss:1  | Mangled by a thrashing horror

Skill      XL: |  1  2  3  4  5  6  7  8  9 10 |
---------------+-------------------------------+-----
Dodging        | 3 4 6 8 |  8.0
Fighting       | 4 5 7 9 10 | 10.0
Maces & Flails | 4 5 7 8 10 11 | 11.6

Action                   |  1- 3 |  4- 6 |  7- 9 | 10-12 || total
-------------------------+-------+-------+-------+-------++-------
Melee: Mace              |   107 |   169 |   129 |       ||   405
       Tailslap          |    21 |    18 |    78 |    38 ||   155
       Flail             |       |       |   367 |   297 ||   664
Invok: Berserk           |     3 |     3 |     8 |     3 ||    17
       Trog's Hand       |       |       |     1 |     3 ||     4
 Abil: Breathe Sticky Fl |       |       |     5 |       ||     5
  Use: Scroll            |       |       |    14 |     2 ||    16
       Potion            |       |       |       |     3 ||     3
 Stab: Sleeping          |       |     1 |       |       ||     1
  Eat: Chunk             |     3 |     7 |    15 |     7 ||    32
       Meat ration       |       |     1 |     1 |     1 ||     3
       Royal jelly       |       |       |       |     1 ||     1
Armor: Skin              |    33 |    51 |   243 |   113 ||   440
Dodge: Dodged            |    76 |   142 |   408 |   233 ||   859
